 Dungeon Crawl Stone Soup version 0.19.1 (webtiles) character file.

30816 RKaid the Bludgeoner (level 13, -8/152 HPs)
             Began as an Ogre Berserker on Dec 19, 2016.
             Was an Elder of Trog.
             Mangled by a black mamba (11 damage)
             ... on level 5 of the Lair of Beasts.
             The game lasted 00:41:39 (19519 turns).

RKaid the Bludgeoner (Ogre Berserker)              Turns: 19519, Time: 00:41:40

Health: -8/152     AC:  7    Str: 27    XL:     13   Next: 54%
Magic:  4/4        EV: 13    Int:  6    God:    Trog [****..]
Gold:   644        SH:  0    Dex: 11    Spells: 0 memorised, 12 levels left

rFire  . . .     SeeInvis +     a - +7 giant spiked club (antimagic)
rCold  . . .     Gourm    .     x - +2 robe of Cenaezol {rPois rN+}
rNeg   + . .     Faith    .     (shield currently unavailable)
rPois  +         Spirit   .     (helmet restricted)
rElec  .         Reflect  .     s - +1 cloak
rCorr  .         Harm     .     (gloves unavailable)
MR     +....                    (boots unavailable)
Stlth  +.........               (no amulet)
                                u - +1 ring of evasion
                                R - ring of see invisible {sInv, !d}

@: exhausted, very slightly contaminated
A: unfitting armour, tough skin 1
a: Berserk, Trog's Hand, Brothers in Arms, Burn Spellbooks, Renounce Religion


You were on level 5 of the Lair of Beasts.
You worshipped Trog.
Trog was greatly pleased with you.
You were not hungry.

You visited 2 branches of the dungeon, and saw 17 of its levels.

You collected 1009 gold pieces.
You spent 365 gold pieces at shops.

Inventory:

Hand Weapons
 a - a +7 antimagic giant spiked club (weapon)
   (Trog gifted it to you on level 3 of the Lair of Beasts)
 h - the +4 dagger of Xexuaphini {elec, rN+ MR- Stlth+, unknown}
   (You found it on level 8 of the Dungeon)

   Occasionally, upon striking a foe, it will discharge some electrical energy
   and cause terrible harm.
   It protects you from negative energy.
   It affects your resistance to hostile enchantments.
   It makes you more stealthy.
 J - a +2 great mace of draining
   (Trog gifted it to you on level 10 of the Dungeon)
Armour
 s - a +1 cloak (worn)
   (You found it on level 5 of the Dungeon)
 x - the +2 robe of Cenaezol (worn) {rPois rN+}
   (You bought it in a shop on level 6 of the Dungeon)

   It protects you from poison.
   It protects you from negative energy.
Jewellery
 d - an uncursed ring of protection from cold {rC+, !d}
   (You found it on level 4 of the Dungeon)
 u - a +1 ring of evasion (right hand)
   (You found it on level 7 of the Dungeon)
 B - an uncursed ring of ice {rC+, rF-}
   (You found it on level 7 of the Dungeon)
 G - an uncursed amulet of magic regeneration {+MPregen}
   (You found it on level 10 of the Dungeon)
 Q - an uncursed ring of fire {rF+, rC-}
   (You found it on level 4 of the Lair of Beasts)
 R - a ring of see invisible (left hand) {sInv, !d}
   (You found it on level 5 of the Lair of Beasts)
Wands
 b - a wand of iceblast (5/15)
   (You found it on level 5 of the Dungeon)
 A - a wand of lightning (1/15)
   (You found it on level 7 of the Dungeon)
 C - a wand of lightning (0/15)
   (You found it on level 9 of the Dungeon)
 K - a wand of digging (0/24)
   (You found it on level 3 of the Lair of Beasts)
Scrolls
 i - 12 scrolls of identify
 j - a scroll of enchant weapon
 m - 5 scrolls of teleportation
 o - 3 scrolls of recharging
 q - a scroll of enchant armour
 y - 2 scrolls of blinking {!r}
 D - 7 scrolls of remove curse
 F - 3 scrolls of fog
 H - a scroll of fear
 L - a scroll of holy word {!r}
Potions
 e - 4 potions of curing
 f - a potion of heal wounds {unknown}
 g - 3 potions of cancellation
 l - 2 potions of berserk rage {!q}
 n - a potion of haste
 r - a potion of mutation {unknown}
 t - 4 potions of resistance
 v - 2 potions of brilliance
 z - a potion of agility {unknown}
 E - 2 potions of might
 I - 2 potions of lignification {unknown}
 M - 3 potions of flight {unknown}
 O - a potion of magic {unknown}
Miscellaneous
 p - a fan of gales
   (You found it on level 3 of the Lair of Beasts)
 N - a lamp of fire
   (You found it on level 3 of the Lair of Beasts)
Comestibles
 c - 14 bread rations
 k - 11 meat rations
 w - 4 chunks of flesh


   Skills:
 - Level 16.0 Fighting
 - Level 2.3 Short Blades
 * Level 19.7 Maces & Flails
 + Level 5.0 Armour
 + Level 6.3 Dodging


You had 12 spell levels left.
You didn't know any spells.

Dungeon Overview and Level Annotations

Branches:
Dungeon (11/15)            Temple (0/1) D:4            Lair (6/6) D:9
  Swamp (0/4) Lair:4        Snake (0/4) Lair:4        Slime (0/5) Lair:6
    Orc (0/2) D:10

Altars:
Sif Muna

Shops:
D:4 (}=:   D:6 [   D:8 %

Portals:
Ice
Cave: Lair:6

Annotations:
D:5 treasure room, need dig/disint
Lair:4 1 exclusion


Innate Abilities, Weirdness & Mutations

You are too large for most types of armour.
You have tough skin. (AC +1)


Message History

The water moccasin hisses angrily.
Evoke which item? (* to show all) (? for menu, Esc to quit)
Zapping:
A - a wand of lightning {zapped: 2} (will waste charges)
Press: ? - help, Shift-Dir - straight line, f - water moccasin
Aim: a water moccasin You hear a mighty clap of thunder!
The bolt of lightning hits the water moccasin.
Evoking this partially-identified wand wasted a few charges.
You hear an angry buzzing noise.
You hear an angry hiss. x2; You hear a roar!
You hear an angry hiss.
You hear a bleat!
You hear an angry hiss.
You hear a bleat! x2; You hear an angry hiss.
You hear a bleat! x2
You hear a shout!
You hear a trumpeting!
You hear a bleat!
You hear an angry growl. x2; You hear an angry buzzing noise.
Evoke which item? (* to show all) (? for menu, Esc to quit)
Zapping:
A - a wand of lightning {zapped: 5} (will waste charges)
Press: ? - help, Shift-Dir - straight line, f/p - water moccasin
Aim: a water moccasin (lightly wounded)
You hear a mighty clap of thunder!
The bolt of lightning hits the water moccasin.
Evoking this partially-identified wand wasted a few charges.
You hear an angry hiss.
You hear a loud, deep croak!
You hear a trumpeting!
You hear an angry hiss.
You hear a roar!
You hear an angry hiss.
You hear an angry growl.
The water moccasin bites you!
* * * LOW HITPOINT WARNING * * *
You bludgeon the water moccasin!!
You kill the water moccasin!
Trog accepts your kill.
You see here a water moccasin corpse.
You hear the frantic ticking of a distant clock.
You hear the steady crackling of a distant melting archway.
A six-headed hydra comes into view.
Evoke which item? (* to show all) (? for menu, Esc to quit)
Zapping:
C - a wand of lightning (will waste charges)
Press: ? - help, Shift-Dir - straight line, f - six-headed hydra
Aim: a six-headed hydra You hear a mighty clap of thunder!
The bolt of lightning hits the six-headed hydra.
Evoking this partially-identified wand wasted a few charges.
You hear an angry hiss.
You hear an angry buzzing noise.
You hear an angry hiss.
You hear a shout!
You hear an angry hiss. x2
You hear a roar! x2; You hear an angry hiss. x3
Evoke which item? (* to show all) (? for menu, Esc to quit)
Zapping:
C - a wand of lightning {zapped: 3} (will waste charges)
Press: ? - help, Shift-Dir - straight line, f/p - six-headed hydra
Aim: a six-headed hydra (lightly wounded)
You hear a mighty clap of thunder!
The bolt of lightning hits the six-headed hydra.
Evoking this partially-identified wand wasted a few charges.
You hear an angry hiss. x2; You hear an angry growl.
You hear an angry buzzing noise.
You hear a trumpeting!
You hear an angry hiss.
You hear a loud, deep croak!
You hear an angry hiss.
You hear a bleat!
A black mamba comes into view.
You're too exhausted to go berserk.
Really read
y - 4 scrolls of blinking {!r}?
Blink to where?
Press: ? - help, Dir - move target cursor, p - six-headed hydra You are very lightly contaminated with residual magic.
As you read the scroll of blinking {!r}, it crumbles to dust.
A five-headed hydra comes into view.
The five-headed hydra roars!
Found a scroll of remove curse and a sharpened wooden wand.
Found a frozen archway.
Found a stone staircase leading up.
The black mamba bites you!
* * * LOW HITPOINT WARNING * * *
You feel yourself speed up. The black mamba misses you.
The black mamba bites you but does no damage.
There is a stone staircase leading up here.
The black mamba bites you.
* * * LOW HITPOINT WARNING * * *
The black mamba bites you!
* * * LOW HITPOINT WARNING * * *
You climb upwards.
There is a stone staircase leading down here.
You feel better.
The black mamba bites you but does no damage.
The black mamba barely misses you.
You miss the black mamba. The black mamba bites you!
* * * LOW HITPOINT WARNING * * *
Really read
y - 3 scrolls of blinking {!r}?
Blink to where?
Press: ? - help, Dir - move target cursor
As you read the scroll of blinking {!r}, it crumbles to dust.
Your ogre goes berserk!
You feel quite a bit more hungry. What are your orders? t - Shout!
Orders for allies: a - Attack new target. r - Retreat! s - Stop attacking. g - Guard the area. f - Follow me.
Anything else - Cancel.
Gang up on whom?
Press: ? - help, Dir - move target cursor, f - black mamba
Aim: a black mamba Attack!
The black mamba closely misses you. The black mamba barely misses you.
Your ogre closely misses the black mamba.
The black mamba bites you!
You die...

......#..........##
................).#
#P.P..............#
######............##
##............#
#.<.....PP...##
#..#..P.PP.###
###.##P>P.<.## #
#####.##.@.## ###
#####...#.S..##
#.#####........O....#
..#.##.............##
..#..##............##
...##.'.............##
...#..#..............#
..PP................##
.....#.....[........P#


You could see a black mamba and a friendly ogre (berserk).

Vanquished Creatures
  The ghost of dricus the Thaumaturge, a journeyman DECj of Vehumet (Lair:5)
  5 hydras
  The ghost of Azzok the Covert, a journeyman SpEn of Dithmenos (Lair:2)
  The ghost of lupus83 the Thaumaturge, a journeyman DECj of Vehumet (D:10)
  A hill giant (D:10)
  9 elephants
  2 black mambas
  2 spiny frogs (Lair:6)
  A gargoyle (D:10)
  7 komodo dragons
  A rime drake (Lair:4)
  3 polar bears
  A hornet (Lair:6)
  Grinder (D:3)
  16 blink frogs
  Prince Ribbit (Lair:1)
  6 hippogriffs
  3 wyverns
  A wraith (D:10)
  A spriggan (D:8)
  The ghost of GordonOverkill the Chopper, an amateur MiBe of Trog (D:4)
  9 yaks
  A basilisk (Lair:1)
  A warg (D:10)
  3 nagas (Lair:4)
  A mottled dragon (D:9)
  5 swamp worms (Lair:4)
  14 water moccasins
  9 porcupines
  A hornet zombie (D:8)
  2 black bears
  4 ice beasts
  4 orc warriors
  3 sky beasts
  2 phantoms
  9 wolves
  8 ogres
  9 centaurs
  11 crocodiles
  3 big kobolds
  7 bullfrogs
  A wyvern skeleton (D:6)
  3 scorpions
  9 killer bees
  3 howler monkeys
  4 crimson imps
  A quasit (D:9)
  5 hounds
  5 orc priests
  2 jellies
  11 orc wizards
  A centaur skeleton (D:7)
  8 iguanas
  7 worker ants
  A hound zombie (D:9)
  2 hound skeletons (D:9)
  2 howler monkey skeletons
  A worker ant zombie (D:9)
  6 adders
  A shadow imp (D:9)
  3 oozes
  3 adder skeletons
  An adder zombie (D:7)
  3 worms
  3 dart slugs
  6 leopard geckos
  37 orcs
  4 ball pythons
  14 giant cockroaches
  11 goblins
  8 hobgoblins
  7 jackals
  15 kobolds
  2 quokkas
  8 bats
  7 frilled lizards
  A leopard gecko zombie (D:7)
  A quokka zombie (D:9)
  7 rats
385 creatures vanquished.

Vanquished Creatures (collateral kills)
  A blink frog (Lair:1)
  2 killer bees (D:7)
3 creatures vanquished.

Vanquished Creatures (others)
  6 fungi
  7 plants (Lair:6)
13 creatures vanquished.

Grand Total: 401 creatures vanquished

Notes
Turn   | Place    | Note
-------+----------+-------------------------------------------
     0 | D:1      | RKaid the Ogre Berserker began the quest for the Orb.
     0 | D:1      | Reached XP level 1. HP: 24/24 MP: 1/1
   220 | D:1      | Reached XP level 2. HP: 32/32 MP: 2/2
   429 | D:1      | Reached skill level 5 in Maces & Flails
   460 | D:1      | Reached XP level 3. HP: 36/40 MP: 3/3
   789 | D:2      | Found a faded altar of an unknown god.
   854 | D:2      | Reached ** piety under Trog
  1282 | D:2      | Reached skill level 5 in Fighting
  1282 | D:2      | Reached XP level 4. HP: 48/50 MP: 4/4
  1715 | D:3      | Reached skill level 6 in Maces & Flails
  1719 | D:3      | Reached XP level 5. HP: 48/57 MP: 5/5
  2235 | D:3      | Noticed Grinder
  2248 | D:3      | Killed Grinder
  2248 | D:3      | Reached skill level 6 in Fighting
  2248 | D:3      | Reached skill level 8 in Maces & Flails
  2248 | D:3      | Reached XP level 6. HP: 68/68 MP: 6/6
  2677 | D:3      | Reached XP level 7. HP: 74/76 MP: 7/7
  3096 | D:4      | HP: 19/76 [poisoned by a scorpion]
  3103 | D:4      | HP: 19/76 [poisoned by a scorpion]
  3108 | D:4      | HP: 18/76 [poisoned by a scorpion]
  3395 | D:4      | Found a staircase to the Ecumenical Temple.
  3421 | D:4      | Found Nakk's Antique Weapon Emporium.
  3424 | D:4      | Found Cuf Hual's Jewellery Shoppe.
  3424 | D:4      | Noticed GordonOverkill's ghost (amateur MiBe)
  3438 | D:4      | Killed GordonOverkill's ghost
  3438 | D:4      | Reached skill level 7 in Fighting
  3438 | D:4      | Reached skill level 9 in Maces & Flails
  3510 | D:4      | Found Aregepn's Gadget Shop.
  3518 | D:4      | Reached *** piety under Trog
  3584 | D:4      | Reached skill level 10 in Maces & Flails
  3664 | D:4      | Reached XP level 8. HP: 58/88 MP: 8/8
  3888 | D:4      | Found Gyamefot's Book Shoppe.
  3946 | D:4      | Reached skill level 8 in Fighting
  4339 | D:5      | Entered Level 5 of the Dungeon
  4462 | D:5      | Reached skill level 11 in Maces & Flails
  5150 | D:6      | Reached skill level 9 in Fighting
  5331 | D:6      | Reached skill level 12 in Maces & Flails
  5333 | D:6      | Reached **** piety under Trog
  5333 | D:6      | Reached XP level 9. HP: 83/98 MP: 9/9
  5602 | D:6      | Found Bemy's Armour Emporium.
  6303 | D:7      | Reached skill level 13 in Maces & Flails
  6389 | D:7      | Reached skill level 10 in Fighting
  6525 | D:7      | HP: 25/102 [poisoned by a killer bee]
  6530 | D:7      | HP: 24/102 [poisoned by a killer bee]
  7072 | D:7      | Reached skill level 14 in Maces & Flails
  7309 | D:7      | Reached skill level 11 in Fighting
  7415 | D:8      | Reached XP level 10. HP: 105/113 MP: 10/10
  7529 | D:8      | You fall through a shaft for 2 floors!
  7529 | D:10     | Entered Level 10 of the Dungeon
  7706 | D:8      | Found Ilumuraoff's Food Shoppe.
  8211 | D:8      | Reached skill level 15 in Maces & Flails
  8240 | D:8      | Got a twisted dagger
  8649 | D:6      | Bought the +2 robe of Cenaezol {rPois rN+} for 365 gold pieces
  9042 | D:9      | Reached ***** piety under Trog
  9347 | D:9      | Found a staircase to the Lair.
  9356 | D:9      | Reached skill level 12 in Fighting
  9773 | D:9      | Reached skill level 16 in Maces & Flails
  9816 | D:9      | HP: 29/117 [poisoned by a killer bee]
  9821 | D:9      | HP: 29/117 [poisoned by a killer bee]
  9826 | D:9      | HP: 29/117 [poisoned by a killer bee]
 10279 | D:10     | Noticed lupus83's ghost (journeyman DECj)
 10306 | D:10     | Killed lupus83's ghost
 10346 | D:10     | Noticed a gargoyle
 10349 | D:10     | Killed a gargoyle
 10349 | D:10     | Reached XP level 11. HP: 85/124 MP: 11/11
 10728 | D:10     | Received a gift from Trog
 10733 | D:10     | Reached skill level 13 in Fighting
 10733 | D:10     | Reached skill level 17 in Maces & Flails
 10877 | D:10     | Found a staircase to the Orcish Mines.
 11102 | D:10     | Noticed a hill giant
 11109 | D:10     | Killed a hill giant
 11446 | Lair:1   | Entered Level 1 of the Lair of Beasts
 11471 | Lair:1   | Identified the Tome of Frigorific Enhancements
 11488 | Lair:1   | Noticed Prince Ribbit
 11496 | Lair:1   | Killed Prince Ribbit
 11761 | Lair:1   | Reached skill level 18 in Maces & Flails
 12485 | Lair:1   | Reached skill level 14 in Fighting
 12920 | Lair:2   | Noticed Azzok's ghost (journeyman SpEn)
 12930 | Lair:2   | Killed Azzok's ghost
 12930 | Lair:2   | Reached XP level 12. HP: 139/139 MP: 12/12
 13283 | Lair:2   | Reached skill level 19 in Maces & Flails
 13708 | Lair:2   | HP: 35/140 [wolf (1)]
 14879 | Lair:3   | Reached skill level 15 in Fighting
 15080 | Lair:3   | Reached skill level 3 in Dodging
 15187 | Lair:3   | Noticed a four-headed hydra
 15188 | Lair:3   | Found a deep blue altar of Sif Muna.
 15199 | Lair:3   | Killed a four-headed hydra
 15199 | Lair:3   | Reached skill level 1 in Armour
 16117 | Lair:3   | Received a gift from Trog
 16186 | Lair:3   | Reached skill level 2 in Armour
 16299 | Lair:4   | Found a staircase to the Snake Pit.
 16450 | Lair:4   | Reached skill level 4 in Dodging
 16924 | Lair:4   | Found a staircase to the Swamp.
 16927 | Lair:4   | Reached skill level 3 in Armour
 17280 | Lair:4   | Noticed a six-headed hydra
 17293 | Lair:4   | Killed a six-headed hydra
 17558 | Lair:5   | Noticed dricus's ghost (journeyman DECj)
 17569 | Lair:5   | Killed dricus's ghost
 17569 | Lair:5   | Reached skill level 5 in Dodging
 17569 | Lair:5   | Reached XP level 13. HP: 127/152 MP: 4/13
 17912 | Lair:5   | HP: 36/152 [seven-headed hydra (12)]
 18000 | Lair:4   | HP: 38/152 [rime drake/flash freeze (20)]
 18035 | Lair:4   | HP: 32/152 [swamp worm (15)]
 18432 | Lair:5   | Reached skill level 4 in Armour
 18475 | Lair:5   | Reached skill level 16 in Fighting
 19075 | Lair:6   | Entered Level 6 of the Lair of Beasts
 19090 | Lair:6   | Reached skill level 1 in Short Blades
 19104 | Lair:6   | Reached skill level 6 in Dodging
 19214 | Lair:6   | Reached skill level 2 in Short Blades
 19224 | Lair:6   | HP: 38/152 [sea snake (23)]
 19247 | Lair:6   | HP: 30/152 [water moccasin (5)]
 19423 | Lair:6   | HP: 28/152 [spiny frog (11)]
 19429 | Lair:6   | HP: 26/152 [poisoned by a black mamba]
 19435 | Lair:6   | HP: 33/152 [poisoned by a black mamba]
 19469 | Lair:6   | HP: 39/228 [spiny frog (22)]
 19472 | Lair:6   | Reached skill level 5 in Armour
 19491 | Lair:6   | HP: 23/152 [water moccasin (7)]
 19504 | Lair:6   | Found a frozen archway.
 19508 | Lair:6   | HP: 17/152 [black mamba (15)]
 19510 | Lair:6   | HP: 6/152 [black mamba (7)]
 19513 | Lair:5   | HP: 1/152 [black mamba (13)]
 19519 | Lair:5   | Mangled by a black mamba

Skill      XL: |  1  2  3  4  5  6  7  8  9 10 11 12 13 |
---------------+----------------------------------------+-----
Maces & Flails | 5 6 8 10 12 14 16 18 19 | 19.7
Fighting       | 5 6 7 9 11 12 14 15 16 | 16.0
Dodging        | 5 6 |  6.3
Armour         | 3 5 |  5.0
Short Blades   | 2 |  2.3

Action                   |  1- 3 |  4- 6 |  7- 9 | 10-12 | 13-15 || total
-------------------------+-------+-------+-------+-------+-------++-------
Melee: Mace              |   109 |   151 |    58 |       |       ||   318
       Giant club        |       |       |   266 |   520 |       ||   786
       Giant spiked club |       |       |       |    65 |    92 ||   157
Invok: Berserk           |       |     2 |     6 |    12 |     5 ||    25
       Trog's Hand       |       |       |     1 |     2 |     2 ||     5
       Brothers in Arms  |       |       |     1 |       |     2 ||     3
       Burn Spellbooks   |       |       |       |     3 |       ||     3
Evoke: Wand              |       |       |       |     1 |    12 ||    13
  Use: Scroll            |       |       |    14 |    12 |     7 ||    33
       Potion            |       |       |     1 |       |     3 ||     4
 Stab: Sleeping          |       |       |     1 |       |       ||     1
  Eat: Chunk             |     1 |     4 |    12 |    26 |     6 ||    49
       Bread ration      |       |     1 |     1 |       |     1 ||     3
       Pizza             |       |     1 |       |     1 |     1 ||     3
       Royal jelly       |       |       |     1 |     2 |       ||     3
       Beef jerky        |       |       |       |     4 |       ||     4
       Fruit             |       |       |       |     7 |     2 ||     9
Armor: Animal skin       |    33 |    66 |    77 |     9 |       ||   185
       Robe              |       |       |       |   103 |    22 ||   125
Dodge: Dodged            |    64 |    92 |   137 |   264 |    88 ||   645

Vault maps used:
D:1:      lightli_arrival_boilingwater
D:2:      cheibrodos_helix_gallery, first_bread, ecumenical_altar_2,
          minmay_pentomino_t4
D:3:      minmay_roachtagon, serial_co_window_serial, co_window_corner_a,
          co_window_paths_a, co_window_paths_b, co_window_paths_a,
          co_window_paths_b, co_window_of_opportunity_a, co_window_paths_b,
          co_window_corner_cb, co_window_broadway_c, co_window_corner_b,
          co_window_2corner, co_window_2corner, glass_columns_a,
          glass_columns_a, amethyst_killhole, uniq_grinder
D:4:      serial_shops, nicolae_shop_behind_doors, nicolae_shop_behind_doors,
          shop, shop, kennysheep_generic_room_3
D:5:      serial_glass, glass_columns_b, glass_columns_a, glass_columns_c,
          glass_columns_c, glass_columns_c, glass_columns_b, feat_on_display,
          due_unseen_surprise, minmay_large_rounded_square
D:6:      serial_shops, nicolae_shop_window_shopping,
          kennysheep_decorative_pillar
D:8:      serial_shops, nicolae_shop_waterfront, the_bakery
D:9:      erik_lair_dragon, minivault_25, kennysheep_potato
D:10:     erik_orc_3
D:11:     serial_shops, shop
Lair:1:   serial_bayou_lagoon_a, serial_bayou_shore_b, uniq_prince_ribbit2
Lair:2:   grunt_megastairs_1
Lair:3:   lemuel_centaur_altar
Lair:4:   nicolae_swamp_entry_splash_gauntlet,
          minmay_snake_entry_guardpost_small
Lair:6:   gammafunk_lair_ancient_temple, minmay_slime_entry_oklob_enclosed,
          lab_entry_generic, portal_ice_cave_entry_pillars_1

Table legend:
 A = Turns spent in this place as a percentage of turns spent in the entire game.
 B = Non-inter-level travel turns spent in this place as a percentage of non-inter-level travel turns spent in the entire game.
 C = Inter-level travel turns spent in this place as a percentage of turns spent in this place.
 D = Turns resting spent in this place as a percentage of non-inter-level travel turns spent in this place.
 E = Turns spent auto-exploring this place as a percentage of non-inter-level travel turns spent in this place.
 F = Non-inter-level travel turns spent in this place divided by the number of levels of this place that you've seen.
                   A       B       C       D       E      F
               +-------+-------+-------+-------+-------+----------------------
         Total | 100.0 | 100.0 |   0.6 |   5.6 |   8.8 | 247.4
       Dungeon |  63.4 |  63.3 |   0.7 |   5.1 |  10.1 | 242.2
          Lair |  36.6 |  36.7 |   0.5 |   6.4 |   6.5 | 257.0
               +-------+-------+-------+-------+-------+----------------------

Table legend:
 A = Kills in this place as a percentage of kills in entire the game.
 B = Kills by you in this place as a percentage of kills by you in the entire game.
 C = Kills by friends in this place as a percentage of kills by friends in the entire game.
 D = Other kills in this place as a percentage of other kills in the entire game.
 E = Experience gained in this place as a percentage of experience gained in the entire game.
 F = Experience gained in this place divided by the number of levels of this place that you have seen.
                   A       B       C       D       E      F
               +-------+-------+-------+-------+-------+----------------------
         Total | 100.0 | 100.0 | 100.0 |  -nan | 100.0 | 2589.6
       Dungeon |  69.1 |  69.1 |  66.7 |  -nan |  28.9 | 1154.8
          Lair |  30.9 |  30.9 |  33.3 |  -nan |  71.1 | 5220.0
               +-------+-------+-------+-------+-------+----------------------
